 Dungeon Crawl Stone Soup version 0.19.1 (webtiles) character file.

171 Dfrag the Firebug (level 5, 0/35 HPs)
             Began as a Demonspawn Fire Elementalist on Nov 29, 2016.
             Slain by an adder (2 damage)
             ... on level 4 of the Dungeon.
             The game lasted 00:04:10 (2236 turns).

Dfrag the Firebug (Demonspawn Fire Elementalist)    Turns: 2236, Time: 00:04:11

Health: 0/35       AC:  5    Str:  9 (11) XL:     5   Next: 26%
Magic:  1/10       EV: 12    Int: 20 (23) God:
Gold:   120        SH:  0    Dex: 11 (13) Spells: 1 memorised, 9 levels left

rFire  . . .     SeeInvis .     p - staff of conjuration
rCold  . . .     Gourm    .     a - +0 robe
rNeg   . . .     Faith    .     (no shield)
rPois  .         Spirit   .     l - +0 helmet
rElec  .         Reflect  .     (no cloak)
rCorr  .         Harm     .     (no gloves)
MR     .....                    (no boots)
Stlth  ++........               (no amulet)
                                (no ring)
                                n - +3 ring of strength

@: brilliant, lethally poisoned (0 -> -5)
A: talons 1, icy blue scales 1
a: no special abilities


You were on level 4 of the Dungeon.
You were not hungry.

You visited 1 branch of the dungeon, and saw 4 of its levels.

You collected 120 gold pieces.

Inventory:

Armour
 a - a +0 robe (worn)
 l - a +0 helmet (worn)
 m - a +0 helmet
Magical Staves
 p - an uncursed staff of conjuration (weapon)
Jewellery
 n - a +3 ring of strength (left hand)
Wands
 v - a wand of flame (19/48)
Scrolls
 d - 2 scrolls of remove curse
 h - a scroll of enchant armour {unknown}
 i - 3 scrolls of identify {unknown}
 k - a scroll of random uselessness {unknown}
 q - a scroll of enchant weapon {unknown}
Potions
 e - a potion of cure mutation {unknown}
 j - 2 potions of brilliance
 o - a potion of magic {unknown}
 s - a potion of curing {unknown}
 t - a potion of degeneration
Books
 b - a book of Flames

   Spells                             Type                      Level
   a - Flame Tongue                   Conjuration/Fire             1
   b - Throw Flame                    Conjuration/Fire             2
   c - Conjure Flame                  Conjuration/Fire             3
   d - Inner Flame                    Hexes/Fire                   3
   e - Sticky Flame                   Conjuration/Fire             4
   f - Fireball                       Conjuration/Fire             5
Comestibles
 c - 2 bread rations
 f - 11 fruits
 g - 2 slices of pizza
 r - a meat ration
 u - a chunk of flesh


   Skills:
 - Level 1.7 Dodging
 - Level 1.7 Stealth
 + Level 3.4 Spellcasting
 + Level 3.2 Conjurations
 + Level 3.5 Fire Magic


You had 9 spell levels left.
You knew the following spells:

 Your Spells              Type           Power        Failure   Level  Hunger
a - Flame Tongue          Conj/Fire      #####        1%          1    None


Dungeon Overview and Level Annotations

Branches:
Dungeon (4/15)
 Temple: D:4-7

Altars:
Ashenzari
Xom

Portals:
Sewer: D:4


Innate Abilities, Weirdness & Mutations

You have sharp toenails.
You are partially covered in icy blue scales. (AC +2)


Message History

It was a potion of brilliance.
You feel clever all of a sudden.
The adder bites you but does no damage. x2
You closely miss the adder.
The adder is moderately wounded.
The adder bites you but does no damage.
You closely miss the adder. Your kick misses the adder.
The adder is moderately wounded.
The adder bites you.
* * * LOW HITPOINT WARNING * * *
The crimson imp blinks!
The adder bites you.
* * * LOW HITPOINT WARNING * * *
You are lethally poisoned!
The adder poisons you!
It was a potion of degeneration.
There was something very wrong with that liquid.
You feel weakened.
You feel dopey.
You feel clumsy.
* * * LOW HITPOINT WARNING * * *
You feel sick. The adder bites you.
You die...

#........#.#
#..#####.#.#
#..#≈≈≈#.#.#
#..#≈≈≈#.#.#
#..#≈∩≈#.#.#####..
#..#≈≈≈#.........#
...#≈≈≈#h...####.#
#..##'##....####.#
.....S..#.§hS@..#
..........#######
###########


You could see a hound (wandering), an adder and a jackal.

Vanquished Creatures
  A worker ant (D:4)
  8 adders
  An adder skeleton (D:4)
  3 worms
  3 leopard geckos
  5 giant cockroaches
  4 goblins
  4 hobgoblins
  3 jackals (D:4)
  9 kobolds
  4 quokkas
  2 ball pythons
  7 bats
  3 frilled lizards
  6 rats
63 creatures vanquished.

Notes
Turn   | Place    | Note
-------+----------+-------------------------------------------
     0 | D:1      | Dfrag the Demonspawn Fire Elementalist began the quest for the Orb.
     0 | D:1      | Reached XP level 1. HP: 13/13 MP: 3/3
   109 | D:1      | Gained mutation: You are partially covered in icy blue scales. (AC +2) [demonic ancestry]
   109 | D:1      | Reached XP level 2. HP: 10/19 MP: 0/5
   652 | D:2      | Reached XP level 3. HP: 18/24 MP: 1/6
  1254 | D:2      | Reached XP level 4. HP: 30/30 MP: 6/8
  1348 | D:2      | Found a shimmering altar of Xom.
  1523 | D:3      | Found a shattered altar of Ashenzari.
  2029 | D:3      | Found a shimmering altar of Xom.
  2096 | D:4      | Gained mutation: You have sharp toenails. [demonic ancestry]
  2096 | D:4      | Reached XP level 5. HP: 26/35 MP: 2/10
  2138 | D:4      | Found a glowing drain.
  2236 | D:4      | Slain by an adder

Skill      XL: |  1  2  3  4 |
---------------+-------------+-----
Fire Magic     | 3 |  3.5
Conjurations   | 2 3 |  3.2
Spellcasting   | 3 |  3.4
Dodging        | |  1.7
Stealth        | |  1.7

Action                   |  1- 3 |  4- 6 || total
-------------------------+-------+-------++-------
Melee: Unarmed           |     5 |       ||     5
       Hand axe          |    42 |       ||    42
       Staff             |     1 |     4 ||     5
 Cast: Flame Tongue      |    45 |    59 ||   104
Evoke: Wand              |       |     2 ||     2
  Use: Scroll            |     1 |       ||     1
       Potion            |       |     2 ||     2
 Stab: Sleeping          |     2 |       ||     2
  Eat: Chunk             |     1 |     3 ||     4
Armor: Robe              |    24 |    21 ||    45
Dodge: Dodged            |    66 |    31 ||    97
